Map: Prion Terraces

Players

lIlIlIlIlIlI - Winner!

  • Race: Protoss Protoss
  • League: Grandmaster

Miszu

  • Race: Terran Terran
  • League: Grandmaster

VOD

Have the link to the VOD?

Description

Time

  • Played on: Feb. 13, 2016, 5:19 p.m.
  • Length: 4:24
Show
View Real Time Build Order
Export as new Build Order

lIlIlIlIlIlI Protoss - Winner!

Build Orders: 1 Gate Expand 

Get SALT Encoding   

  12  0:00  Probe (Chrono Boost)  
  13  0:11  Probe (Chrono Boost)  
  14  0:18  Pylon  
  14  0:22  Probe (Chrono Boost)  
  15  0:36  Gateway, Probe (Chrono Boost)  
  16  0:47  Probe (Chrono Boost)  
  17  0:57  Probe (Chrono Boost)  
  17  0:58  Assimilator  
  18  1:08  Probe (Chrono Boost)  
  19  1:17  Nexus  
  19  1:21  Probe (Chrono Boost)  
  20  1:30  Cybernetics Core  
  20  1:33  Probe (Chrono Boost)  
  21  1:42  Gateway, Zealot (Chrono Boost)  
  21  1:43  Pylon  
  23  1:48  Pylon  
  23  1:50  Assimilator  
  24  2:07  Zealot (Chrono Boost)  
  25  2:09  Mothership Core (Chrono Boost)  
  24  2:28  Probe  
  27  2:31  Stalker (Chrono Boost)  
  29  2:40  Stalker (Chrono Boost), Probe  
  30  2:52  Probe  
  30  2:57  Stalker (Chrono Boost)  
  30  3:14  Pylon  
  29  3:20  Stalker (Chrono Boost)  
  29  3:26  Mothership Core (Chrono Boost)  
  24  3:43  Stalker (Chrono Boost)  
  27  3:55  Stalker (Chrono Boost)  
  28  4:07  Probe  
Show
View Real Time Build Order
Export as new Build Order

Miszu Terran 

Build Orders:  

Get SALT Encoding   

  12  0:02  SCV  
  13  0:14  SCV  
  13  0:18  Supply Depot  
  14  0:26  SCV  
  15  0:40  Barracks  
  15  0:52  Barracks  
  15  1:05  Barracks  
  15  1:26  Marine  
  15  1:28  Barracks  
  16  1:39  Marine  
  17  1:40  Supply Depot  
  17  1:44  Marine  
  18  1:51  Marine  
  19  1:57  Marine  
  20  2:02  Marine  
  21  2:09  Marine  
  22  2:22  Marine x2  
  19  2:23  Marine  
  19  2:27  Marine  
  20  2:39  Marine  
  20  2:40  Marine  
  20  2:41  Marine  
  23  2:45  Marine  
  24  2:57  Marine  
  24  2:58  Marine  
  25  2:59  Marine  
  25  3:03  Marine  
  24  3:15  Marine  
  24  3:16  Marine  
  24  3:17  Marine  
  25  3:20  Marine  
  25  3:33  Marine  
  25  3:34  Marine x2  
  25  3:38  Marine  
  24  3:51  Marine x2  
  24  3:52  Marine  
  27  3:56  Marine  
Tags
 
Add a new tag
Caveats
  • Supply blocks, unpowered buildings, or Contaminate may cause inaccurate times.
  • Supply counts are checked every 10 seconds.